Cogmind - Beta 12 @@@ ROGUE MODE // 2024.02.03 @ 01:59:09 // Winter2019/RPGLIKE Player: Luminiferous Result: Smashed by cave-in Performance ------------- Evolutions (5) 2500 Regions Visited (14) 2800 Robots Destroyed (134) 670 Value Destroyed (4198) 4198 Prototype IDs (31) 620 Alien Tech Used (0) 0 Bonus (1400) 1400 TOTAL SCORE: 12188 Bonus ------- High Alert Combat Kills 372 Follower Combat Kills 28 Entered Garrisons 200 Used RIF Installer 500 Aligned with FarCom 300 Cogmind --------- Core Integrity 0/1000 Matter 300/300 Energy 169/200 System Corruption 14% Temperature Cool (4) Movement Flying (100) Ox1 Location -5/Factory Parts ------- > --- POWER (2) -------- Micro Fission Core Micro Fission Core > --- PROPULSION (4) --- Xenon Bombardment Thruster Cooled VTOL Module Cooled VTOL Module > --- UTILITY (7) ------ Advanced Weight Redist. System Improved Signal Interpreter Advanced Melee Analysis Suite Microactuators Improved Transmission Jammer Hardened Heavy Armor Plating > --- WEAPON (3) ------- Scythe Chainsword Heavy Pick > --- INVENTORY (4) ---- Cesium-ion Thruster Improved Medium Armor Plating Grenade Launcher Enhanced Force Lance Peak State ------------ > --- POWER ------------ Micro Fission Core Micro Fission Core > --- PROPULSION ------- Xenon Bombardment Thruster Cooled VTOL Module Cooled VTOL Module Nuclear Pulse Thruster > --- UTILITY ---------- Advanced Weight Redist. System Improved Signal Interpreter Advanced Melee Analysis Suite Microactuators Improved Transmission Jammer Improved Medium Armor Plating Powered Armor > --- WEAPON ----------- Scythe Chainsword Heavy Pick > --- INVENTORY -------- Cesium-ion Thruster Improved Medium Armor Plating Grenade Launcher Enhanced Force Lance [Rating: 73] Favorites ----------- Power Light Nuclear Core Engine Light Deuterium Engine Power Core Light Nuclear Core Reactor Graviton Reactor Propulsion Cesium-ion Thruster Leg Aluminum Leg Wheel Compact Wheel Hover Unit Linear Gravjet Flight Unit Cesium-ion Thruster Utility Improved Melee Analysis Suite Device Microactuators Processor Improved Melee Analysis Suite Hackware Authchip [R/Combat] Protection Improved Medium Armor Plating Weapon Scythe Energy Gun Medium Laser Ballistic Gun Assault Rifle Ballistic Cannon Light Cannon Launcher Grenade Launcher Impact Weapon Thunder Hammer Slashing Weapon Scythe Piercing Weapon Heavy Pick Build | -11 -10 -10 -9 -9 -9 -8 -8 -8 -8 -7 -6 -5 -5 -5 ------- Run | Jun Mat Min Mat Min Exi Min Mat Gar Mat Fac Fac Fac Was Fac Slots Evolved 12 | 3 1 . 3 . . . 1 . 2 . 2 . . . Power 1 | . . . 1 . . . . . . . . . . . Propulsion 3 | 1 1 . . . . . . . . . 1 . . . Utility 6 | 1 . . 2 . . . 1 . 2 . . . . . Weapon 2 | 1 . . . . . . . . . . 1 . . . Parts Attached 145 | 5 11 2 20 3 . . 9 9 6 13 16 11 4 36 Power 24 | . 3 . 4 1 . . 1 . 1 2 3 1 2 6 Engine 11 | . 2 . 3 1 . . 1 . . 1 2 . . 1 Core 12 | . 1 . 1 . . . . . 1 1 1 1 1 5 Reactor 1 | . . . . . . . . . . . . . 1 . Propulsion 28 | 4 5 . 6 . . . 2 . 1 3 1 1 2 3 Treads . | . . . . . . . . . . . . . . . Leg . | . . . . . . . . . . . . . . . Wheel 4 | 4 . . . . . . . . . . . . . . Hover 1 | . . . . . . . . . . . . . . 1 Flight 23 | . 5 . 6 . . . 2 . 1 3 1 1 2 2 Utility 57 | . 2 . 3 2 . . 3 3 4 3 10 7 . 20 Device 19 | . . . . . . . . . 2 . 6 4 . 7 Storage . | . . . . . . . . . . . . . . . Processor 9 | . 1 . . 2 . . 2 . . 1 . 1 . 2 Hackware 2 | . . . . . . . . 2 . . . . . . Protection 27 | . 1 . 3 . . . 1 1 2 2 4 2 . 11 Artifact . | . . . . . . . . . . . . . . . Weapon 36 | 1 1 2 7 . . . 3 6 . 5 2 2 . 7 Energy Gun 2 | 1 . . . . . . . . . . 1 . . . Energy Cannon . | . . . . . . . . . . . . . . . Ballistic Gun 3 | . . 1 . . . . . . . . 1 . . 1 Ballistic Cannon 3 | . 1 . 2 . . . . . . . . . . . Launcher 8 | . . 1 1 . . . 1 3 . . . 1 . 1 Special Weapon . | . . . . . . . . . . . . . . . Impact Weapon 1 | . . . . . . . . . . . . . . 1 Slashing Weapon 16 | . . . 4 . . . 2 3 . 5 . 1 . 1 Piercing Weapon 3 | . . . . . . . . . . . . . . 3 Special Melee Weapon . | . . . . . . . . . . . . . . . Unidentified Prototypes 7 | . . . . . . . . . . . 1 2 1 3 Corrupted Parts 1 | . . . . . . . . . . . . 1 . . System Corruption 6 | . . . . . . . . . . . . 6 . . Parts Lost 5 | . . . . . . . . 1 1 . 1 1 . 1 Power 1 | . . . . . . . . . . . . 1 . . Propulsion 2 | . . . . . . . . . 1 . . . . 1 Utility 2 | . . . . . . . . 1 . . 1 . . . Weapon . | . . . . . . . . . . . . . . . Highest Loss Streak 1 | . . . . . . . . 1 1 . 1 1 . 1 To Critical Strikes . | . . . . . . . . . . . . . . . Average Slot Usage (%) 92 | . 76 87 72 82 100 100 97 97 98 99 92 92 100 97 Engine 7 | . 14 12 8 9 9 9 11 16 8 5 . 3 . . Core 6 | . . . 5 9 9 9 4 . 6 8 11 8 10 11 Flight 25 | . 27 37 27 27 27 27 25 25 22 21 24 24 25 25 Device 8 | . . . . . . . . . 13 14 12 11 12 16 Processor 21 | . 5 12 9 10 27 27 26 33 29 28 25 25 25 18 Protection 5 | . . . 3 9 9 9 12 5 2 7 5 5 6 5 Ballistic Gun 1 | . 14 9 . . . . . . . . . . . . Ballistic Cannon 1 | . 13 12 3 . . . . . . . . . . . Slashing Weapon 12 | . . . 13 18 18 18 14 15 14 13 12 12 18 13 Naked Turns . | . . . . . . . . . . . . . . . Heaviest Build 41 | 7 11 9 15 21 21 21 29 27 29 30 28 31 31 41 Greatest Support 46 | 26 26 12 15 25 25 25 30 30 30 35 36 36 37 46 Greatest Overweight (x) 2 | . 2 . 1 . . . . . . . . 1 . 1 Average Overweight (x) . | . . . . . . . . . . . . . . . Largest Inventory Capacity 4 | 3 3 3 3 3 3 3 3 3 3 4 4 4 4 4 Average Capacity 3 | 3 3 3 3 3 3 3 3 3 3 3 4 4 4 4 Most Carried 4 | 2 3 3 3 3 3 3 3 3 3 4 4 4 4 4 Average Carried 3 | . 2 2 2 3 2 3 2 2 2 3 3 3 3 3 Final Capacity 4 | 3 3 3 3 3 3 3 3 3 3 4 4 4 4 4 Final Carried 4 | 1 2 3 3 3 3 3 3 3 3 4 4 4 4 4 Class Distribution -------------------- 50% | Hacker-Sprinter 34% | Sprinter 13% | Mutant Dominant Class ---------------- Mutant | -10/Materials Mutant | -10/Mines Sprinter | -9/Materials Sprinter | -9/Mines Sprinter | -9/Exiles Sprinter | -8/Mines Sprinter | -8/Materials Sprinter | -8/Garrison Sprinter | -8/Materials Hacker-Sprinter | -7/Factory Hacker-Sprinter | -6/Factory Hacker-Sprinter | -5/Factory Hacker-Sprinter | -5/Waste Hacker-Sprinter | -5/Factory Resources | -11 -10 -10 -9 -9 -9 -8 -8 -8 -8 -7 -6 -5 -5 -5 ----------- Run | Jun Mat Min Mat Min Exi Min Mat Gar Mat Fac Fac Fac Was Fac Matter Collected 2456 | 200 421 179 248 129 . 25 115 195 60 130 130 132 . 492 Remotely . | . . . . . . . . . . . . . . . Salvage Created 4971 | . 423 129 802 108 . . 208 844 412 237 202 382 . 1224 Parts 299 | . 37 14 48 7 . . 10 54 20 23 19 20 . 47 Haulers Intercepted 13 | . 1 . 3 . . . 2 . . 1 1 . . 5 Recyclers Shooed . | . . . . . . . . . . . . . . . Parts Field Recycled . | . . . . . . . . . . . . . . . Retrieved Matter . | . . . . . . . . . . . . . . . Parts Self-Destructed . | . . . . . . . . . . . . . . . Prevented . | . . . . . . . . . . . . . . . Kills | -11 -10 -10 -9 -9 -9 -8 -8 -8 -8 -7 -6 -5 -5 -5 ------- Run | Jun Mat Min Mat Min Exi Min Mat Gar Mat Fac Fac Fac Was Fac Combat Hostiles Destroyed 95 | . 14 8 16 3 . . 4 24 6 4 6 4 . 6 Melee 65 | . . . 13 3 . . 3 20 6 4 6 4 . 6 Guns 4 | . 4 . . . . . . . . . . . . . Cannons 15 | . 10 3 2 . . . . . . . . . . . AOE 11 | . . 5 1 . . . 1 4 . . . . . . Classes Destroyed 14 | . 6 1 3 . . . . 2 . 1 1 . . . Worker 1 | . . . 1 . . . . . . . . . . . Builder 4 | . 1 . . . . . . . . 1 . 1 . 1 Tunneler 1 | . . . 1 . . . . . . . . . . . Hauler 13 | . 1 . 3 . . . 2 . . 1 1 . . 5 Recycler 4 | . . 1 . . . . . . . . . 1 . 2 Operator 5 | . 1 . 1 . . . . . . 1 . . . 2 Watcher 11 | . 1 . 2 . . . . 1 1 3 . . . 3 Swarmer 35 | . 6 6 7 . . . . 9 . 3 4 . . . Grunt 34 | . 8 2 4 3 . . 3 10 3 . . . . 1 Brawler 1 | . . . . . . . . 1 . . . . . . Sentry 13 | . . . 5 . . . 1 2 3 . . 1 . 1 Hunter 2 | . . . . . . . . 2 . . . . . . Programmer 9 | . . . . . . . . . . 1 1 3 . 4 Behemoth 1 | . . . . . . . . . . . 1 . . . Best Kill Streak 12 | . 3 6 12 3 . . 5 5 4 3 4 2 . 2 Combat Bots Only 6 | . 3 6 5 3 . . 3 5 4 3 4 2 . 2 Max Kills in Single Turn 2 | . 2 2 1 1 . . 1 1 1 1 1 1 . 1 Gunslinging . | . . . . . . . . . . . . . . . Exploded 2 | . . 2 1 . . . 1 1 . . . . . . Melee 1 | . . . 1 1 . . 1 1 1 1 1 1 . 1 Uniques/NPCs Destroyed . | . . . . . . . . . . . . . . . Combat | -11 -10 -10 -9 -9 -9 -8 -8 -8 -8 -7 -6 -5 -5 -5 -------- Run | Jun Mat Min Mat Min Exi Min Mat Gar Mat Fac Fac Fac Was Fac Damage Taken 4918 | . 318 190 435 71 . . 238 904 172 204 1229 329 . 828 Core 3501 | . 254 157 312 49 . . 139 590 142 100 945 215 . 598 Absorbed by Shields 21 | . . . . . . . . 21 . . . . . . Redirected to Core 2541 | . 216 107 236 37 . . 111 439 106 94 593 143 . 459 Regen/Repaired (Parts) 152 | . . . 80 . . . 31 . . . . 41 . . Core Remaining (%) 69 | 100 . 73 . . . 85 . . 74 82 1 . . . Volleys Fired 77 | . 39 18 7 . . . 4 9 . . . . . . Largest 2 | . 2 2 2 . . . 1 1 . . . . . . Hottest 74 | . 55 65 74 . . . 30 30 . . . . . . Shots Fired 140 | . 78 36 13 . . . 4 9 . . . . . . Gun 54 | . 39 15 . . . . . . . . . . . . Cannon 69 | . 39 18 12 . . . . . . . . . . . Launcher 17 | . . 3 1 . . . 4 9 . . . . . . Special . | . . . . . . . . . . . . . . . Kinetic 123 | . 78 33 12 . . . . . . . . . . . Thermal . | . . . . . . . . . . . . . . . Explosive 17 | . . 3 1 . . . 4 9 . . . . . . Electromagnetic . | . . . . . . . . . . . . . . . Robot Hit Streak 10 | . 5 10 5 . . . 7 1 . . . . . . Robot Miss Streak 3 | . 3 3 3 . . . 1 3 . . . . . . Penetration Max . | . . . . . . . . . . . . . . . Secondary Targets . | . . . . . . . . . . . . . . . Shots Hit Robots 347 | . 44 20 46 7 . . 14 66 17 24 22 22 . 65 Core Hits 167 | . 24 13 22 3 . . 10 33 8 10 9 10 . 25 Critical Kills . | . . . . . . . . . . . . . . . Critical Parts Destroyed . | . . . . . . . . . . . . . . . Critical Strikes 26 | . 1 . 6 1 . . 1 5 . 1 1 2 . 8 Blast 2 | . 1 . 1 . . . . . . . . . . . Sever 21 | . . . 5 1 . . 1 5 . 1 1 2 . 5 Impale 3 | . . . . . . . . . . . . . . 3 Melee Attacks 389 | . . . 50 7 . . 14 85 20 37 33 38 . 105 Impact . | . . . . . . . . . . . . . . . Slashing 342 | . . . 50 7 . . 14 85 20 37 33 38 . 58 Piercing 47 | . . . . . . . . . . . . . . 47 Sneak Attacks 32 | . . . 7 . . . 3 1 . 2 1 5 . 13 Combat Hostiles 5 | . . . . . . . 1 1 . . . 3 . . Follow-up Attacks 40 | . . . 7 . . . 1 8 2 2 3 3 . 14 Damage Inflicted 13156 | . 719 545 1720 230 . . 732 2849 557 1009 784 998 . 3013 Guns 406 | . 288 118 . . . . . . . . . . . . Cannons 756 | . 431 189 136 . . . . . . . . . . . Explosions 864 | . . 238 25 . . . 215 386 . . . . . . Melee 11130 | . . . 1559 230 . . 517 2463 557 1009 784 998 . 3013 Ramming . | . . . . . . . . . . . . . . . Kinetic 1162 | . 719 307 136 . . . . . . . . . . . Thermal . | . . . . . . . . . . . . . . . Explosive 864 | . . 238 25 . . . 215 386 . . . . . . Electromagnetic . | . . . . . . . . . . . . . . . Impact . | . . . . . . . . . . . . . . . Slashing 10091 | . . . 1559 230 . . 517 2463 557 1009 784 998 . 1974 Piercing 1039 | . . . . . . . . . . . . . . 1039 Highest Corruption 20 | . . . 1 1 1 1 . . . . . 11 20 20 Average Corruption 9 | . . . 1 1 1 1 . . . . . 7 15 12 Corruption Purged 13 | . . . . . . . . . . . . . . 13 Corruption Blocked . | . . . . . . . . . . . . . . . Effects 61 | . . . 1 2 . . . . . . . 6 2 50 Message Errors 16 | . . . . . . . . . . . . 1 1 14 Matter Fused 13 | . . . . 1 . . . . . . . 2 . 10 Heat Flow Errors 8 | . . . 1 1 . . . . . . . . . 6 Energy Discharges 9 | . . . . . . . . . . . . 1 . 8 Parts Rejected 1 | . . . . . . . . . . . . . . 1 Data Loss (minor) 8 | . . . . . . . . . . . . 1 1 6 Data Loss (major) 5 | . . . . . . . . . . . . 1 . 4 Alerts 1 | . . . . . . . . . . . . . . 1 Overload Shots . | . . . . . . . . . . . . . . . Overflow Damage 627 | . . 1 74 . . . 16 87 . 173 7 56 . 213 Projectiles 1 | . . 1 . . . . . . . . . . . . Explosions . | . . . . . . . . . . . . . . . Melee 626 | . . . 74 . . . 16 87 . 173 7 56 . 213 Knockbacks 9 | . 5 2 2 . . . . . . . . . . . Impact . | . . . . . . . . . . . . . . . Kinetic 9 | . 5 2 2 . . . . . . . . . . . Secondary . | . . . . . . . . . . . . . . . Self-Inflicted Damage 46 | . . . . . . . . 46 . . . . . . Shots 2 | . . . . . . . . 2 . . . . . . Rammed . | . . . . . . . . . . . . . . . Targets Rammed . | . . . . . . . . . . . . . . . Kicked . | . . . . . . . . . . . . . . . Crushed . | . . . . . . . . . . . . . . . Highest Temperature 360 | . 109 139 267 360 . . 2 1 . . 2 . . 265 Average Temperature 70 | . 25 68 42 114 . . 2 1 . . 2 . . 110 Received Heat Transfer 1189 | . 141 111 105 39 . . 144 295 54 6 186 36 . 72 Effects 6 | . . . . 6 . . . . . . . . . . Shutdowns 1 | . . . . 1 . . . . . . . . . . Interference 2 | . . . . 2 . . . . . . . . . . Matter Decay 2 | . . . . 2 . . . . . . . . . . Damage (minor) 1 | . . . . 1 . . . . . . . . . . Siege Activations . | . . . . . . . . . . . . . . . Robots Corrupted . | . . . . . . . . . . . . . . . Combat Hostiles . | . . . . . . . . . . . . . . . Parts Fried . | . . . . . . . . . . . . . . . Impact Corruptions . | . . . . . . . . . . . . . . . Robots Melted . | . . . . . . . . . . . . . . . Combat Hostiles . | . . . . . . . . . . . . . . . Parts Melted . | . . . . . . . . . . . . . . . Heat Transferred . | . . . . . . . . . . . . . . . Parts Sabotaged . | . . . . . . . . . . . . . . . Parts Stolen . | . . . . . . . . . . . . . . . Parts Stripped . | . . . . . . . . . . . . . . . Power Chain Reactions . | . . . . . . . . . . . . . . . Missiles Intercepted . | . . . . . . . . . . . . . . . Alert | -11 -10 -10 -9 -9 -9 -8 -8 -8 -8 -7 -6 -5 -5 -5 ------- Run | Jun Mat Min Mat Min Exi Min Mat Gar Mat Fac Fac Fac Was Fac Peak Influence 969 | . 345 360 702 424 . . 239 969 658 300 216 174 85 188 Initial 471 | . . 111 140 219 . . . 157 471 241 33 105 40 59 Average 244 | . 184 296 440 347 . . 84 594 541 131 109 93 47 90 Maximum Alert Level 3 | . 1 1 3 2 . . 1 3 2 1 1 . . . Low Security (%) 57 | 100 50 6 16 . . 100 88 2 . 71 85 100 100 100 Level 1 19 | . 49 93 20 86 . . 11 21 . 28 14 . . . Level 2 16 | . . . 59 13 . . . 37 100 . . . . . Level 3 5 | . . . 3 . . . . 38 . . . . . . Level 4 . | . . . . . . . . . . . . . . . Level 5 . | . . . . . . . . . . . . . . . High Security . | . . . . . . . . . . . . . . . Max Security . | . . . . . . . . . . . . . . . Squads Dispatched 19 | . 2 . 3 1 . . 2 . . 4 1 3 . 3 Investigation 10 | . 1 . 2 . . . 2 . . 3 1 1 . . Extermination 5 | . . . . . . . . . . 1 . 2 . 2 Reinforcement 3 | . 1 . 1 . . . . . . . . . . 1 Assault 1 | . . . . 1 . . . . . . . . . . Garrison . | . . . . . . . . . . . . . . . Intercept . | . . . . . . . . . . . . . . . Searches Triggered . | . . . . . . . . . . . . . . . Construction Impeded . | . . . . . . . . . . . . . . . Haulers Reinforced . | . . . . . . . . . . . . . . . Active Scanning Responses . | . . . . . . . . . . . . . . . Cargo Convoy Interrupts . | . . . . . . . . . . . . . . . Stealth | -11 -10 -10 -9 -9 -9 -8 -8 -8 -8 -7 -6 -5 -5 -5 --------- Run | Jun Mat Min Mat Min Exi Min Mat Gar Mat Fac Fac Fac Was Fac Distress Signals 8 | . 2 . 1 . . . 3 2 . . . . . . Communications Jammed 14 | . . . . . . . . . . 3 . 9 . 2 Distress Signals 12 | . . . . . . . . . . 3 . 9 . . Times Spotted 160 | . 20 6 23 11 . . 9 28 7 16 12 9 5 14 Peak Tracking Total 8 | . 4 3 5 4 . . 8 4 4 5 6 4 5 4 Tactical Retreats 13 | . 1 . 1 2 . . . 2 . 2 . 2 . 3 Traps | -11 -10 -10 -9 -9 -9 -8 -8 -8 -8 -7 -6 -5 -5 -5 ------- Run | Jun Mat Min Mat Min Exi Min Mat Gar Mat Fac Fac Fac Was Fac Traps Triggered 25 | . 1 . 3 . . . 1 11 1 4 . 4 . . Indirectly . | . . . . . . . . . . . . . . . Trap Hack Attempts . | . . . . . . . . . . . . . . . Triggered . | . . . . . . . . . . . . . . . Disarmed . | . . . . . . . . . . . . . . . Reprogrammed . | . . . . . . . . . . . . . . . Reused . | . . . . . . . . . . . . . . . Traps Extracted . | . . . . . . . . . . . . . . . Installed . | . . . . . . . . . . . . . . . Triggered . | . . . . . . . . . . . . . . . Machines | -11 -10 -10 -9 -9 -9 -8 -8 -8 -8 -7 -6 -5 -5 -5 ---------- Run | Jun Mat Min Mat Min Exi Min Mat Gar Mat Fac Fac Fac Was Fac Machines Disabled 14 | . 2 2 1 . . . 1 8 . . . . . . Max in Single Turn 1 | . 1 1 1 . . . 1 1 . . . . . . Garrison Access 3 | . . . . . . . . . . 1 1 1 . . Garrison Relay 1 | . . . . . . . . 1 . . . . . . Machines Repaired . | . . . . . . . . . . . . . . . Machines Sabotaged . | . . . . . . . . . . . . . . . Overloaded Fab Kills . | . . . . . . . . . . . . . . . Hacking | -11 -10 -10 -9 -9 -9 -8 -8 -8 -8 -7 -6 -5 -5 -5 --------- Run | Jun Mat Min Mat Min Exi Min Mat Gar Mat Fac Fac Fac Was Fac Machines Accessed 45 | . 3 . 5 1 1 . 5 2 2 8 4 8 . 6 Terminals 32 | . 3 . 4 . . . 3 2 2 5 3 5 . 5 Fabricators 3 | . . . . . . . . . . 2 . 1 . . Repair Stations 4 | . . . 1 . . . 1 . . . . 1 . 1 Recycling Units . | . . . . . . . . . . . . . . . Scanalyzers . | . . . . . . . . . . . . . . . Garrison Access 4 | . . . . . . . 1 . . 1 1 1 . . Total Hacks 117 | . 10 . 14 1 1 . 13 3 7 22 8 21 . 17 Successful 51 | . 2 . 4 1 1 . 6 1 3 12 3 13 . 5 Failed 66 | . 8 . 10 . . . 7 2 4 10 5 8 . 12 Catastrophic 14 | . 1 . 2 . . . . . 1 5 1 2 . 2 Database Lockouts . | . . . . . . . . . . . . . . . Manual 86 | . 10 . 11 . 1 . 8 . 7 16 7 10 . 16 Terminals 92 | . 10 . 11 . . . 8 3 7 17 7 13 . 16 Fabricators 6 | . . . . . . . . . . 4 . 2 . . Repair Stations 11 | . . . 3 . . . 2 . . . . 5 . 1 Recycling Units . | . . . . . . . . . . . . . . . Scanalyzers . | . . . . . . . . . . . . . . . Garrison Access 6 | . . . . . . . 3 . . 1 1 1 . . Terminal Hacks 23 | . 2 . 2 1 1 . 3 1 3 4 . 4 . 2 Record 2 | . . . . . . . . . . . . 2 . . Part Schematic 2 | . . . . . . . . . . 1 . 1 . . Robot Analysis 1 | . . . . . . . . . . 1 . . . . Open Door 1 | . . . . 1 . . . . . . . . . . Terminal Index 8 | . 1 . 1 . . . 2 . 1 1 . 1 . 1 Repair Station Index 1 | . . . . . . . . . . . . . . 1 Unreport Threat 2 | . . . . . . . . . 1 1 . . . . Hauler Manifests 4 | . 1 . 1 . . . 1 . 1 . . . . . Patrol Navigation 1 | . . . . . . . . 1 . . . . . . EX-Prototype ID Bank 1 | . . . . . 1 . . . . . . . . . Fabricator Hacks 6 | . . . . . . . . . . 4 . 2 . . Load Schematic 3 | . . . . . . . . . . 2 . 1 . . Build 3 | . . . . . . . . . . 2 . 1 . . Repair Station Hacks 8 | . . . 2 . . . 2 . . . . 4 . . Scan Component 4 | . . . 1 . . . 1 . . . . 2 . . Repair 4 | . . . 1 . . . 1 . . . . 2 . . Recycling Unit Hacks . | . . . . . . . . . . . . . . . Scanalyzer . | . . . . . . . . . . . . . . . Garrison Access Hacks 4 | . . . . . . . 1 . . 1 1 1 . . Unlock Access 1 | . . . . . . . 1 . . . . . . . Seal Access 3 | . . . . . . . . . . 1 1 1 . . Unauthorized Hacks 10 | . . . . . . . . . . 3 2 2 . 3 Terminals 10 | . . . . . . . . . . 3 2 2 . 3 Botnet 10 | . . . . . . . . . . 3 2 2 . 3 Fabricators . | . . . . . . . . . . . . . . . Repair Stations . | . . . . . . . . . . . . . . . Recycling Units . | . . . . . . . . . . . . . . . Scanalyzers . | . . . . . . . . . . . . . . . Garrison Access . | . . . . . . . . . . . . . . . Data Cores Recovered 2 | . . . . . . . . . . 1 . . . 1 Used 1 | . . . . . . . . . . 1 . . . . Hacking Detections 35 | . 3 . 4 . . . 3 2 2 7 3 6 . 5 Full Trace Events 10 | . . . 3 . . . 2 . . 3 1 1 . . Feedback Events 1 | . . . 1 . . . . . . . . . . . Corruption 1 | . . . 1 . . . . . . . . . . . Feedback Blocked . | . . . . . . . . . . . . . . . Robot Schematics Acquired . | . . . . . . . . . . . . . . . Robots Built . | . . . . . . . . . . . . . . . Authchips . | . . . . . . . . . . . . . . . Time . | . . . . . . . . . . . . . . . Total Robot Build Rating . | . . . . . . . . . . . . . . . Part Schematics Acquired 2 | . . . . . . . . . . 1 . 1 . . Parts Built 2 | . . . . . . . . . . 2 . . . . Authchips . | . . . . . . . . . . . . . . . Time 307 | . . . . . . . . . . 201 . 106 . . Total Part Build Rating 8 | . . . . . . . . . . 8 . . . . Parts Repaired 4 | . . . 1 . . . 1 . . . . 2 . . Time 108 | . . . 26 . . . 38 . . . . 44 . . Parts Recycled . | . . . . . . . . . . . . . . . Recycled Matter . | . . . . . . . . . . . . . . . Retrieved Matter . | . . . . . . . . . . . . . . . Retrieved Components . | . . . . . . . . . . . . . . . Parts Scanalyzed . | . . . . . . . . . . . . . . . Part Schematics Acquired . | . . . . . . . . . . . . . . . Parts Damaged . | . . . . . . . . . . . . . . . Bothacking | -11 -10 -10 -9 -9 -9 -8 -8 -8 -8 -7 -6 -5 -5 -5 ------------ Run | Jun Mat Min Mat Min Exi Min Mat Gar Mat Fac Fac Fac Was Fac Used RIF Installer 1 | . . . . . . . . 1 . . . . . . Robots Hacked . | . . . . . . . . . . . . . . . Non-combat . | . . . . . . . . . . . . . . . Combat . | . . . . . . . . . . . . . . . Robot Hacks Applied . | . . . . . . . . . . . . . . . Relay Couplers Released 2 | . . . . . . . . 2 . . . . . . Machine Destruction 2 | . . . . . . . . 2 . . . . . . Fabnet Peak Effective % . | . . . . . . . . . . . . . . . Robots Rewired . | . . . . . . . . . . . . . . . Allies Hacked . | . . . . . . . . . . . . . . . Hacks Repelled . | . . . . . . . . . . . . . . . Allies | -11 -10 -10 -9 -9 -9 -8 -8 -8 -8 -7 -6 -5 -5 -5 -------- Run | Jun Mat Min Mat Min Exi Min Mat Gar Mat Fac Fac Fac Was Fac Total Allies 7 | . . . . 4 . . . . . . . 3 . . Largest Group 3 | . . . . 2 2 . . . . . . 3 . . Highest-Rated Group 93 | . . . . 62 45 . . . . . . 93 . . Highest-Rated Ally 31 | . . . . 31 31 . . . . . . 31 . . Total Orders . | . . . . . . . . . . . . . . . Ally Attacks 17 | . . . . 13 . . . . . . . 4 . . Total Damage 258 | . . . . 171 . . . . . . . 87 . . Kills 5 | . . . . 5 . . . . . . . . . . Allies Corrupted . | . . . . . . . . . . . . . . . Allies Melted . | . . . . . . . . . . . . . . . Intel | -11 -10 -10 -9 -9 -9 -8 -8 -8 -8 -7 -6 -5 -5 -5 ------- Run | Jun Mat Min Mat Min Exi Min Mat Gar Mat Fac Fac Fac Was Fac Robot Analysis Total 1 | . . . . . . . . . . 1 . . . . Derelict Logs Recovered 2 | . . . . 2 . . . . . . . . . . Drone Launches . | . . . . . . . . . . . . . . . Drone Recoveries . | . . . . . . . . . . . . . . . Exploration | -11 -10 -10 -9 -9 -9 -8 -8 -8 -8 -7 -6 -5 -5 -5 ------------- Run | Jun Mat Min Mat Min Exi Min Mat Gar Mat Fac Fac Fac Was Fac Turns Passed 6324 | 19 505 133 479 260 111 72 236 882 372 937 316 567 33 1402 Spaces Moved 9144 | 8 798 207 754 594 228 247 341 1103 478 1294 653 1141 87 1211 Core 1 | . 1 . . . . . . . . . . . . . Treads . | . . . . . . . . . . . . . . . Legs 4 | 4 . . . . . . . . . . . . . . Wheels 17 | 4 13 . . . . . . . . . . . . . Hover . | . . . . . . . . . . . . . . . Flight 9122 | . 784 207 754 594 228 247 341 1103 478 1294 653 1141 87 1211 Fastest Speed 24 | 90 34 34 29 29 29 29 29 29 29 24 27 27 27 28 Average Speed 30 | 105 38 34 31 29 29 29 29 29 29 29 27 29 27 28 Slowest Speed 150 | 120 150 34 112 29 29 29 29 29 29 30 30 97 28 100 Overloaded Moves 7 | . . . . . . . . . . 7 . . . . Propulsion Burnouts . | . . . . . . . . . . . . . . . Robots Hopped 19 | . 3 7 2 5 . . . . . . 2 . . . Cave-ins Triggered 1 | . . . . . . . . . . . . . . 1 Exploration Rate (%) 47 | 2 98 37 49 89 61 59 34 76 29 22 19 21 84 26 Regions Visited 14 Branch Regions 4 Pre-discovered Areas . | . . . . . . . . . . . . . . . Known Exits Taken 10 | . 1 1 1 1 1 1 1 . 1 1 1 . . . Unknown Exits Taken 1 | 1 . . . . . . . . . . . . . . Scrap Searched 2 | . . . . 1 . 1 . . . . . . . . Spaces Dug 70 | . . . . . . . 2 6 2 12 7 12 . 29 Terrain Destroyed 165 | . . 25 13 . . . 9 56 2 12 7 12 . 29 Melee 67 | . . . . . . . 2 3 2 12 7 12 . 29 Projectile . | . . . . . . . . . . . . . . . AOE 98 | . . 25 13 . . . 7 53 . . . . . . Terrain Rammed . | . . . . . . . . . . . . . . . Walls Destroyed . | . . . . . . . . . . . . . . . Machines Disabled . | . . . . . . . . . . . . . . . Actions | -11 -10 -10 -9 -9 -9 -8 -8 -8 -8 -7 -6 -5 -5 -5 --------- Run | Jun Mat Min Mat Min Exi Min Mat Gar Mat Fac Fac Fac Was Fac Total 12136 | 17 918 225 918 665 274 246 453 1546 693 1823 765 1337 94 2162 Wait 1926 | . 45 . 77 60 39 . 71 146 184 363 37 125 . 779 Move 9096 | 7 791 195 749 584 227 246 341 1101 477 1293 648 1141 86 1210 Hop 15 | . 3 4 2 4 . . . . . . 2 . . . Pick Up 76 | 4 7 2 1 . 4 . 1 7 5 23 12 5 1 4 Fast Attach 76 | . 4 . 10 2 . . 3 3 2 4 8 7 2 31 Attach 20 | 2 3 . 1 . . . . . 2 1 7 2 . 2 Detach 1 | . 1 . . . . . . . . . . . . . Swap 49 | 3 4 2 9 1 . . 6 6 2 8 1 2 2 3 Drop 145 | 1 11 1 11 1 4 . 5 10 4 33 17 7 3 37 Fire 77 | . 39 18 7 . . . 4 9 . . . . . . Melee 318 | . . . 39 7 . . 13 70 17 35 26 31 . 80 Ram . | . . . . . . . . . . . . . . . Kick . | . . . . . . . . . . . . . . . Crush . | . . . . . . . . . . . . . . . Escape Stasis 221 | . . . . . . . . 166 . 55 . . . . Rewire . | . . . . . . . . . . . . . . . Trap . | . . . . . . . . . . . . . . . Miscellaneous 116 | . 10 3 12 6 . . 9 28 . 8 7 17 . 16 Route ------- -11/Junkyard -10/Materials (discovered 4 exits: *Mat x3 / *Min) -10/Mines -9/Materials (discovered 3 exits: *Mat / *Min / *Sto) -9/Mines (discovered 4 exits: *Mat x2 / *Exi / *Zio) -9/Exiles -8/Mines -8/Materials (discovered 4 exits: *Fac x3 / Gar) -8/Garrison (discovered 3 exits: *Mat x3) -8/Materials -7/Factory (discovered 2 exits: *Fac / *Low) -6/Factory -5/Factory (discovered 2 exits: *Fac x2) -5/Waste -5/Factory (discovered 2 exits: *Fac x2) History --------- Turn | Location | Event 1 | -11/Junkyard | Upgraded with Propulsion slot (x1) 1 | -11/Junkyard | Upgraded with Utility slot (x1) 1 | -11/Junkyard | Upgraded with Weapon slot (x1) 1 | -11/Junkyard | Discovered new exit (range 1) 20 | -11/Junkyard | Entered Materials 257 | -10/Materials | Discovered new exit (range 4) 311 | -10/Materials | Build established: Mutant 348 | -10/Materials | Discovered new exit (range 16) 437 | -10/Materials | Discovered new exit (range 15) 448 | -10/Materials | Reached level 2 476 | -10/Materials | Identified exit to Materials 510 | -10/Materials | Discovered new exit (range 16) 524 | -10/Materials | Identified exit to Mines 524 | -10/Materials | Upgraded with Propulsion slot (x1) 525 | -10/Materials | Entered Mines 526 | -10/Mines | Met a Derelict bent on vengeance 550 | -10/Mines | Reached level 3 647 | -10/Mines | Discovered exit to Materials (range 4) 658 | -10/Mines | Entered Materials 660 | -9/Materials | Reached level 4 688 | -9/Materials | Upgraded with Power slot (x1) 688 | -9/Materials | Upgraded with Utility slot (x2) 770 | -9/Materials | Discovered new exit (range 12) 771 | -9/Materials | Discovered new exit (range 14) 780 | -9/Materials | Identified exit to Storage 833 | -9/Materials | Reached level 5 907 | -9/Materials | Discovered new exit (range 4) 1115 | -9/Materials | Repaired Lgt. Armor Plating 1137 | -9/Materials | Identified exit to Mines 1137 | -9/Materials | Entered Mines 1139 | -9/Mines | Reached level 6 1149 | -9/Mines | Learned location of 1 exit from Materials 1193 | -9/Mines | Build established: Sprinter 1210 | -9/Mines | Escorted by a lone wolf Derelict 1289 | -9/Mines | Discovered new exit (range 9) 1291 | -9/Mines | A Derelict revealed a hidden shortcut to a safe place 1293 | -9/Mines | Identified exit to Zion 1300 | -9/Mines | Learned 2 Materials zone layouts 1305 | -9/Mines | Met a Derelict testing a Signal Generator 1351 | -9/Mines | Discovered new exit (range 11) 1371 | -9/Mines | Met a Derelict who couldn't figure out how to use a Trap Extractor 1386 | -9/Mines | Deemed a non-threat by the Exiles lab entrance 1386 | -9/Mines | Discovered new exit (range 5) 1387 | -9/Mines | Identified exit to Exiles 1397 | -9/Mines | Entered Exiles 1397 | -9/Exiles | Accompanied by 2 allies 1399 | -9/Exiles | Reached level 7 1418 | -9/Exiles | Met 8R-AWN 1427 | -9/Exiles | Led the pair of lost Derelicts to a safe place 1449 | -9/Exiles | Met EX-HEX 1457 | -9/Exiles | Met EX-BIN 1460 | -9/Exiles | Aligned with FarCom system 1461 | -9/Exiles | Given EX-Vault access code 1468 | -9/Exiles | Opened EX-Vault 1473 | -9/Exiles | Found AWS/Autocannon 1486 | -9/Exiles | Warned to stay clear of 0b10 Research branches 1487 | -9/Exiles | Exiles lab attacked by MAIN.C 1505 | -9/Exiles | Discovered new exit (range 10) 1508 | -9/Exiles | Identified exit to Mines 1508 | -9/Exiles | Entered Mines 1574 | -8/Mines | Discovered new exit (range 10) 1577 | -8/Mines | Identified exit to Materials 1580 | -8/Mines | Entered Materials 1581 | -8/Materials | Identified exit to Factory 1582 | -8/Materials | Reached level 8 1621 | -8/Materials | Repaired Scythe 1659 | -8/Materials | Upgraded with Utility slot (x1) 1716 | -8/Materials | Discovered exit to Factory (range 14) 1816 | -8/Materials | Identified exit to Garrison 1816 | -8/Materials | Entered Garrison 1818 | -8/Garrison | Reached level 9 1932 | -8/Garrison | Triggered checkpoint 1949 | -8/Garrison | Garrison Relay disabled 2000 | -8/Garrison | Triggered checkpoint 2011 | -8/Garrison | Discovered new exit (range 10) 2015 | -8/Garrison | Identified exit to Materials 2020 | -8/Garrison | Triggered checkpoint 2022 | -8/Garrison | Reached level 10 2064 | -8/Garrison | Triggered checkpoint 2204 | -8/Garrison | Discovered exit to Materials (range 10) 2374 | -8/Garrison | Reached level 11 2424 | -8/Garrison | Discovered exit to Materials (range 12) 2432 | -8/Garrison | Triggered checkpoint 2602 | -8/Garrison | Triggered checkpoint 2629 | -8/Garrison | Triggered checkpoint 2689 | -8/Garrison | Installed Relay Interface Framework 2698 | -8/Garrison | Entered Materials 2732 | -8/Materials | Upgraded with Utility slot (x1) 2894 | -8/Materials | Discovered exit to Factory (range 16) 2951 | -8/Materials | Upgraded with Utility slot (x1) 3070 | -8/Materials | Entered Factory 3072 | -7/Factory | Reached level 12 3159 | -7/Factory | Discovered new exit (range 8) 3164 | -7/Factory | Identified exit to Lower Caves 3244 | -7/Factory | Reached level 13 3403 | -7/Factory | Build established: Hacker-Sprinter 3635 | -7/Factory | Fabricated Cld. VTOL Module? 3891 | -7/Factory | Fabricated Cld. VTOL Module (x1) 3972 | -7/Factory | Discovered new exit (range 7) 3974 | -7/Factory | Identified exit to Factory 4007 | -7/Factory | Entered another Factory area 4009 | -6/Factory | Reached level 14 4010 | -6/Factory | Upgraded with Propulsion slot (x1) 4010 | -6/Factory | Upgraded with Weapon slot (x1) 4204 | -6/Factory | Spotted B-75 Beast 4274 | -6/Factory | Core integrity fell below 50% 4276 | -6/Factory | Destroyed B-75 Beast 4282 | -6/Factory | Core integrity fell below 20% 4309 | -6/Factory | Discovered new exit (range 16) 4322 | -6/Factory | Identified exit to Factory 4323 | -6/Factory | Entered another Factory area 4324 | -5/Factory | Core integrity fell below 50% 4324 | -5/Factory | Core integrity fell below 20% 4325 | -5/Factory | Reached level 15 4382 | -5/Factory | Discovered new exit (range 9) 4388 | -5/Factory | Identified exit to Factory 4411 | -5/Factory | Reached level 16 4437 | -5/Factory | Repaired Microactuators 4460 | -5/Factory | Repaired Xenon Bombardment Thruster 4466 | -5/Factory | Discovered exit to Factory (range 10) 4552 | -5/Factory | Allied Derelicts emerged from ambush trap array 4640 | -5/Factory | Fabricated Lance? 4839 | -5/Factory | System corruption reached 10% 4890 | -5/Factory | Manually triggered Chute Trap 4890 | -5/Factory | Sucked down chute 4890 | -5/Factory | Entered Waste 4896 | -5/Waste | Found Broken Enh. Force Lance 4905 | -5/Waste | EMP discharged 4908 | -5/Waste | Spotted C-40 Crusher 4915 | -5/Waste | Spotted C-40 Crusher 4915 | -5/Waste | Spotted C-40 Crusher 4917 | -5/Waste | Spotted C-40 Crusher 4918 | -5/Waste | Discovered new exit (range 16) 4919 | -5/Waste | Spotted C-40 Crusher 4923 | -5/Waste | Identified exit to Factory 4923 | -5/Waste | Entered Factory 5410 | -5/Factory | Discovered exit to Factory (range 5) 5667 | -5/Factory | Found Prototype Launcher 5667 | -5/Factory | Identified Tesla Bomb Launcher 5828 | -5/Factory | Discovered exit to Factory (range 10) 6011 | -5/Factory | Reached level 17 6149 | -5/Factory | Found Powered Armor 6325 | -5/Factory | Crushed by falling debris 6325 | -5/Factory | Smashed by cave-in Last Messages --------------- 06256_ Destroyed Imp. Heat Sink. 06259_ P-70 Sage destroyed. 06261_ Acquired 70 matter. 06261_ Acquired 35 matter. 06266_ O-24 Administrator: "IFF HANDSHAKE FAILED. SECURING TERMINAL." 06268_ O-24 Administrator uses terminal to summon reinforcements. 06268_ ALERT: Hostiles spotted, dispatching reinforcements to Terminal F013. 06268_ O-24 Administrator locks terminal. 06270_ O-24 Administrator suffers critical hit (Impale). 06270_ O-24 Administrator destroyed. 06275_ System corrupted: Component data lost. 06286_ Connecting with Repair Station... 06291_ DH#6OKJGRVJ9QY=N LQ1UWXUKR/ 06313_ System corrupted: Energy discharge (-54). 06318_ U-05 Engineer builds a Wall. 06325_ The unstable cave ceiling collapses. 06325_ Crushed by falling debris. 06325_ Nuclear Pulse Thruster destroyed. 06325_ System corrupted by crushing effect (+1). Map ----- +----------------------------------------------------+ | ??????????????????????????????????????????# ???? | | ??????????????????????????????????????????# #??? | | ??????????????????????????????????????????# #??? | | ??????????????????????????????????????????# #??? | | ?????????????????????????????????########## #??? | | ?????????????????????????????????+ ! #### | | ?????????????????????????????????# """# | | ?????????????????????????????????# """# | | ?????????????????????????????????? """ R"# | | ????????????????????????????????????# """ """# | | ????????????????????????????????????# """ "" # | | ????????????????????????????????????# #### | | ???????????????????????????????????## """ #? | | ???????????????????????????????????# """ #? | | ?????????????????????????########### """ #? | | ????????????????????????## ! # #? | | ????????????????????????#" # ## | | ????????????????????????## # #######"# | | ????????????????????????#" u + + !# | | ????????????????????????## # # # | | ????????????????????????## # # """ # | | ????????????????????????#" # # """ # | | ????????????????????????## # # """ # | | ????????????????????????#;########## # / # | | ????????????????????????# #??###???# # =!! # | | ????????????????????????#@#????????# # ""%"" # | | ????????????????????????###????????# # ""T"" # | | ???????????????????????????????????# # """ # | | ???????????????????????????? """???# # # | | ???????????????????????????#""F""??# h##"###### | | ???????????????????????#####"" ""### h##"#????? | | ???????????????????????# ##????? | | ???????????????????????# *| #?????? | | ???????????????????????# % = #?????? | | ??????????????????????????""""""""" = #?????? | | ??????????????????????????????""""" ! #?????? | | ??????????????????????????????""""" #?????? | | ??????????????????????????????""""" #?????? | | ????????? ?????????????????""""""" ##?????? | | ????????? ?????????????? """"""""" #??????? | | ????????? ????????????? #??????? | | ????????# ????????????? #??????? | | ????????# ????????????? #??????? | | ????????# #???????????? ##### #??????? | | ????????# ##???????????? ?????#^ #??????? | | ????????# * ""??""????????????????# #??????? | | ????????+ ????????????????# #??????? | | ????????# ???????????????# #??????? | | ????????# """ """????????????????# #??????? | | ????????# """ """ ???????????????# #??????? | +----------------------------------------------------+ Best States ------------- Heat Dissipation 55 Energy Generation 27 Energy Capacity 210 Matter Stores 300 Matter Capacity 300 Sight Range 16 Terrain Scan Density 10 Jamming Range 14 Additional Mass Support 9 Armor Coverage 625 Resistance: KI 20 Resistance: TH 20 Resistance: EX 20 Melee Speed Boost 20 Evasion (%) 64 Melee Accuracy 14 Offensive Hacking 20 Defensive Hacking 10 Item Schematics ----------------- Cld. VTOL Module | -7/Factory | Hacked Lance | -5/Factory | Hacked Robot Schematics ------------------ None Fabricated ------------ Cld. VTOL Module | x1 | -7/Factory Cld. VTOL Module | x1 | -7/Factory Alien Tech Used ----------------- None Achievements -------------- No Signal Total Silence Watch This! Challenges ------------ None RPGLIKE | -11 -10 -10 -9 -9 -9 -8 -8 -8 -8 -7 -6 -5 -5 -5 --------- Run | Jun Mat Min Mat Min Exi Min Mat Gar Mat Fac Fac Fac Was Fac Levels Raised 16 | . 1 1 2 1 1 . 1 3 . 2 1 2 . 1 XP Earned 27329 | 3000 1930 1600 3872 1437 350 500 2125 3968 617 2280 2285 2085 200 1080 XP Spent 26830 | 3000 800 . 4880 1720 . . 2500 . 3700 3700 1900 2830 . 1800 Upgrades 56 | 6 1 . 16 7 . . 2 . 2 7 2 10 . 3 Power Slot 1 | . . . 1 . . . . . . . . . . . Propulsion Slot 3 | 1 1 . . . . . . . . . 1 . . . Utility Slot 6 | 1 . . 2 . . . 1 . 2 . . . . . Weapon Slot 2 | 1 . . . . . . . . . . 1 . . . Core Integrity 8 | . . . 8 . . . . . . . . . . . Heat Dissipation 5 | . . . . 4 . . . . . . . 1 . . Mass Support 3 | . . . . 2 . . 1 . . . . . . . Inventory Capacity 4 | 3 . . . . . . . . . 1 . . . . Melee Accuracy 6 | . . . 5 1 . . . . . . . . . . Hack Attack % 4 | . . . . . . . . . . 4 . . . . Hack Defense % 2 | . . . . . . . . . . 2 . . . . KI Resistance % 4 | . . . . . . . . . . . . 3 . 1 TH Resistance % 4 | . . . . . . . . . . . . 3 . 1 EX Resistance % 4 | . . . . . . . . . . . . 3 . 1 Protomatter Created 942 | . 98 14 84 26 . . 67 247 49 58 109 71 . 119 Integrity Restored 2463 | . 216 36 252 126 . . 195 567 . 174 138 402 . 357 Core 2463 | . 216 36 252 126 . . 195 567 . 174 138 402 . 357 Protomatter Decayed 187 | . 26 9 . 16 . . 2 40 49 . . 45 . . Game ------ Seed GhostHypervelocityGravjet Manual? 0 Play Time 01:30:48 Cumulative 34.0 hours Start 2024.02.03 @ 00:30:22 End 2024.02.03 @ 01:59:09 Sessions 1 Manual Loads 0 Difficulty Rogue Special Mode Winter2019/RPGLIKE Game No. 61 Rogue 61 Adventurer 0 Explorer 0 Win Type - Total 1 Types 1/0/0/0/0/0/0/0/0 Lore% 28 Gallery% 40 Achievement% 34 Wizard Run 0 Options --------- ASCII 0 Keyboard 0 Movement Mouse Keybinds 1 Fullscreen 2 Font 18/SmallcapsGlow Map View 76x50 Tactical HUD 1 Map Filters SHIFT_HUE(270)|BRIGHTNESS(75) Filters SHIFT_HUE(90)|BRIGHTNESS(125) Steam 1 RUN: 33236dab-ac60-43c8-bf7f-e5ce209723e7